 Dungeon Crawl Stone Soup version 0.24-a0-271-ga0fc33f724 (webtiles) character file.

Game seed: 6460333330440899558

547 Esekla the Slasher (level 7, -2/38 HPs)
             Began as a Vine Stalker Abyssal Knight on Apr 24, 2019.
             Was a Priest of Lugonu.
             Killed by divine providence
             ... invoked by an orc priest
              (11 damage)
             ... on level 4 of the Dungeon.
             The game lasted 00:27:28 (2661 turns).

Esekla the Slasher (Vine Stalker Abyssal Knight)    Turns: 2661, Time: 00:27:30

Health: -2/38      AC: 10    Str: 15    XL:     7   Next: 28%
Magic:  0/9        EV: 12    Int: 12    God:    Lugonu [***...]
Gold:   225        SH:  0    Dex: 15    Spells: 6/6 levels left

rFire    . . .     SeeInvis .   a - +1 falchion
rCold    . . .     Gourm    .   (no shield)
rNeg     . . .     Faith    .   b - +0 leather armour
rPois    .         Spirit   +   (no helmet)
rElec    .         Reflect  .   w - +0 cloak
rCorr    .         Harm     .   (no gloves)
MR       .....                  (no boots)
Stlth    +.........             (no amulet)
HPRegen  0.52/turn              s - +6 ring of protection
MPRegen  0.11/turn              (no ring)

@: no status effects
A: fangs 2, regeneration 1, magic shield, antimagic bite, no potion heal 3, rot
immunity
a: Depart the Abyss, Bend Space, Banish, Renounce Religion


You were on level 4 of the Dungeon.
You worshipped Lugonu.
Lugonu was most pleased with you.
You were not hungry.

You visited 1 branch of the dungeon, and saw 4 of its levels.
You visited the Abyss 1 time.

You collected 225 gold pieces.

Inventory:

Hand Weapons
 a - a +1 falchion (weapon)
 m - a +0 short sword
 o - a +0 spear
Missiles
 y - 3 tomahawks of returning (quivered)
Armour
 b - a +0 leather armour (worn)
 w - a +0 cloak (worn)
 z - a +0 chain mail
Jewellery
 s - a +6 ring of protection (left hand)
 t - an uncursed ring of teleportation
Wands
 e - a wand of iceblast (9)
Scrolls
 d - 4 scrolls of identify {unknown}
 g - 3 scrolls of remove curse
 i - 2 scrolls of amnesia {unknown}
 j - a scroll of enchant weapon {unknown}
 k - a scroll of noise {unknown}
 n - 2 scrolls of immolation {unknown}
 q - a scroll of enchant armour {unknown}
 u - a scroll of blinking {unknown}
 x - a scroll of teleportation {unknown}
Potions
 f - 3 potions of flight {unknown}
 h - a potion of resistance {unknown}
 l - a potion of curing {unknown}
 p - a potion of degeneration {unknown}
 r - a potion of agility {unknown}
 v - a potion of ambrosia {unknown}
Comestibles
 c - 2 rations


   Skills:
 * Level 4.4 Fighting
 * Level 5.3 Long Blades
 - Level 2.0 Armour
 + Level 2.3 Dodging
 + Level 0.1 Stealth
 + Level 1.9 Invocations


You had 6 spell levels left.
You didn't know any spells.
Your spell library was empty.

Dungeon Overview and Level Annotations

Branches:
Dungeon (4/15)
 Temple: D:4-7

Altars:


Innate Abilities, Weirdness & Mutations

You have extremely sharp teeth.
Your natural rate of healing is unusually fast.
When hurt, damage is shared between your health and your magic reserves.
Your bite disrupts and absorbs the magic of your enemies.
Potions cannot restore your health.
You are immune to rotting.


Message History

The orc priest barely misses you.
You hit the orc priest.
The orc priest is heavily wounded.
The orc priest hits you but does no damage.
You closely miss the orc priest.
You bite the orc priest, but do no damage.
The orc priest is heavily wounded.
The orc priest mumbles some strange prayers to Beogh against you.
Beogh smites you!
* * * LOW HITPOINT WARNING * * *
The orc priest hits you but does no damage.
Things that are here:
a +0 hand axe; an orc corpse Space bends around you!
You blink.
The orc priest invokes the aid of Beogh against you.
You resist with significant effort.
The orc priest casts a cantrip, but nothing happens.
The orc priest mumbles some strange prayers to Beogh against you.
Beogh smites you!
You die...

............######.......##......
............#.)..).......##......
#######....[#.####.......##......
#######.# #.......##......
##########....# #.......##......
....)......#### #.......########
############## ######### ....
......###### .......
.......@...### #.#.....
.............####.#####
#####..........##.# #
####.....o..#.# #### #
###........# #... # #....)...#
#... ### #........# #... ..###
##.....#)# #### .....
#....##.######


You could see an orc priest.

Vanquished Creatures
  2 ogres (D:4)
  2 orc priests (D:4)
  2 orc wizards (D:4)
  2 worker ants (D:4)
  4 adders
  6 gnolls (D:3)
  3 oozes
  An adder skeleton (D:4)
  4 worms
  A dart slug (D:3)
  6 leopard geckos
  8 orcs (D:4)
  A giant cockroach (D:3)
  10 goblins
  8 hobgoblins
  4 jackals (D:2)
  4 quokkas
  A ball python (D:2)
  A ball python skeleton (D:4)
  4 bats
  7 frilled lizards
  9 kobolds
  7 rats
97 creatures vanquished.

Notes
Turn   | Place    | Note
-------+----------+-------------------------------------------
     0 | Abyss:1  | Esekla the Vine Stalker Abyssal Knight began the quest for
                  | the Orb.
     0 | Abyss:1  | Reached XP level 1. HP: 11/11 MP: 3/3
    55 | Abyss:2  | Noticed a large abomination
    69 | Abyss:2  | Noticed a small abomination
    75 | D:1      | Escaped the Abyss
   276 | D:1      | Reached skill level 2 in Long Blades
   276 | D:1      | Reached XP level 2. HP: 16/16 MP: 4/4
   381 | D:1      | Reached * piety under Lugonu
   567 | D:2      | Reached XP level 3. HP: 18/20 MP: 3/5
   969 | D:2      | Gained mutation: Your natural rate of healing is unusually
                  | fast. [Vine Stalker growth]
   969 | D:2      | Reached XP level 4. HP: 25/25 MP: 6/6
  1327 | D:3      | Reached ** piety under Lugonu
  1327 | D:3      | Reached skill level 3 in Long Blades
  1525 | D:3      | Reached skill level 1 in Dodging
  1536 | D:3      | Reached XP level 5. HP: 29/29 MP: 7/7
  1735 | D:3      | Found a faded altar of an unknown god.
  1961 | D:4      | Reached skill level 4 in Long Blades
  1961 | D:4      | Reached XP level 6. HP: 33/33 MP: 8/8
  2358 | D:4      | Reached skill level 5 in Long Blades
  2358 | D:4      | Reached XP level 7. HP: 38/38 MP: 9/9
  2361 | D:4      | Reached *** piety under Lugonu
  2661 | D:4      | Killed from afar by an orc priest

Levels and vault maps discovered:
D:1:      dpeg_arrival_simpleton_b, layout_basic
D:2:      layout_rooms
D:3:      layout_rooms, chequers_ecumenical_altar_island
D:4:      kennysheep_spiral_hall, layout_basic, first_ration
Abyss:1
Abyss:2

Skill      XL: |  1  2  3  4  5  6 |
---------------+-------------------+-----
Fighting       | 3 4 |  4.4
Long Blades    | 2 3 4 5 |  5.3
Dodging        | 1 2 |  2.3
Armour         | 2 |  2.0
Stealth        | |  0.1
Invocations    | |  1.9

Action                   |  1- 3 |  4- 6 |  7- 9 || total
-------------------------+-------+-------+-------++-------
Melee: Falchion          |    66 |   213 |    19 ||   298
       Bite              |    13 |    72 |     9 ||    94
Invok: Depart the Abyss  |     1 |       |       ||     1
       Bend Space        |       |       |     1 ||     1
Evoke: Wand              |       |       |     1 ||     1
  Use: Scroll            |       |     2 |       ||     2
  Eat: Ration            |       |     2 |       ||     2
Armor: Leather armour    |     7 |    57 |     7 ||    71
Dodge: Dodged            |    40 |   128 |     9 ||   177
       Rpst.: Falchion   |    11 |    33 |     3 ||    47

Table legend:
 A = Non-vault XP
 B = Vault XP
 C = Vault XP percentage of total XP
 D = Non-vault monster count
 E = Vault monster count
 F = Vault count percentage of total count
                 A         B        C        D         E       F
            +---------+---------+-------+---------+---------+-------
      Total |     769 |      13 |   1.7 |      96 |       1 |   1.0
            +---------+---------+-------+---------+---------+-------
        D:1 |      33 |       0 |   0.0 |      14 |       0 |   0.0
        D:2 |      78 |       0 |   0.0 |      28 |       0 |   0.0
        D:3 |     155 |       0 |   0.0 |      32 |       0 |   0.0
        D:4 |     503 |      13 |   2.5 |      22 |       1 |   4.3
            +---------+---------+-------+---------+---------+-------
